 Dungeon Crawl Stone Soup version 0.31-a0-1476-g8a4046af8c (webtiles) character file.

Game seed: 1497143048042771164

568 Ivernyr the Shield-Bearer (level 7, -1/55 HPs)
             Began as a Formicid Fighter on Dec 15, 2023.
             Was an Initiate of Wu Jian.
             Slain by a kobold brigand
             ... wielding a +0 whip
              (6 damage)
             ... on level 3 of the Dungeon on Dec 29, 2023.
             The game lasted 00:08:45 (3087 turns).

Ivernyr the Shield-Bearer (Formicid Fighter)        Turns: 3087, Time: 00:08:46

Health: -1/55      AC:  7    Str: 22 (23) XL:     7   Next: 59%
Magic:  7/7        EV:  9    Int:  6 (7)  God:    Wu Jian [......]
Gold:   345        SH:  5    Dex: 11 (13) Spells: 6/6 levels left

rFire   + . .        a - +2 quarterstaff (heavy)
rCold   . . .        c - +0 buckler
rNeg    . . .        b - +0 scale mail
rPois   .            (helmet unavailable)
rElec   .            (no cloak)
rCorr   .            (no gloves)
SInv    +            (no boots)
Will    .....        (no amulet) Stlth
                     m - ring of protection from fire
HPRegen 0.29/turn    (no ring)
MPRegen 0.10/turn

%: no passive effects
@: lethally poisoned (-1 -> -2), studying Ranged Weapons
A: permanent stasis, dig shafts and tunnels, antennae 3, four strong arms
a: Dig, Shaft Self, Renounce Religion


You were on level 3 of the Dungeon.
You worshipped Wu Jian.
Wu Jian was noncommittal.
You visited 2 branches of the dungeon, and saw 5 of its levels.

You collected 345 gold pieces.

Inventory:

Hand Weapons
 a - a +2 heavy quarterstaff (weapon)
Armour
 b - a +0 scale mail (worn)
 c - a +0 buckler (worn)
Jewellery
 m - a ring of protection from fire (left hand)
Scrolls
 h - a scroll of noise {unknown}
 j - a scroll of fog {unknown}
 k - a scroll of immolation {unknown}
 p - a scroll of fear {unknown}
 q - a scroll of brand weapon {unknown}
 r - a scroll of vulnerability {unknown}
 s - a scroll of teleportation {unknown}
Potions
 d - 4 potions of might
 e - a potion of curing {unknown}
 f - a potion of haste {unknown}
 g - a potion of degeneration
 i - 2 potions of lignification {unknown}
 l - a potion of cancellation {unknown}
 n - a potion of heal wounds {unknown}
 o - 2 potions of enlightenment {unknown}


   Skills:
 + Level 4.9 Fighting
 * Level 5.1 Staves
 + Level 4.9 Armour
 + Level 5.9 Shields


You had 6 spell levels left.
You didn't know any spells.
Your spell library was empty.

Dungeon Overview and Level Annotations

Branches:
Dungeon (4/15)             Temple (1/1) D:4

Altars:
Ashenzari
Cheibriados
Elyvilon
Fedhas
Gozag
Kikubaaqudgha
Nemelex Xobeh
Okawaru
Qazlal
Ru
Sif Muna
Trog
Uskayaw
Vehumet
Wu Jian
Yredelemnul
Zin
The Shining One

Shops:
D:4 =


Innate Abilities, Weirdness & Mutations

You cannot be hasted, slowed, berserked, paralysed or teleported.
You can dig through walls and to a lower floor.
You have a pair of large antennae on your head. (SInv)
Your four strong arms can wield two-handed weapons with a shield.


Message History

The kobold brigand throws a curare-tipped dart.
The curare-tipped dart hits you.
You are poisoned.
You have difficulty breathing.
Your stasis prevents you from being slowed.
You lunge at the kobold brigand.
You closely miss the kobold brigand.
You feel sick.
The kobold brigand hits you with a +0 whip.
You see here a +0 club.
Unknown command.
You sock the kobold brigand!
The kobold brigand is moderately wounded.
You feel very sick. The kobold brigand barely misses you.
The kobold brigand hits you with a +0 whip.
You sock the kobold brigand!
The kobold brigand is severely wounded.
You feel sick.
The kobold brigand hits you with a +0 whip.
The kobold hits you but does no damage. You block the kobold brigand's attack.
The kobold brigand hits you with a +0 whip!
The kobold brigand hits you with a +0 whip.
The kobold closely misses you.
You hit the kobold brigand.
The kobold brigand is almost dead.
You feel sick.
The kobold brigand hits you with a +0 whip.
The kobold hits you but does no damage.
The kobold brigand hits you with a +0 whip. x2
* * * LOW HITPOINT WARNING * * *
The kobold brigand hits you with a +0 whip.
* * * LOW HITPOINT WARNING * * *
The kobold closely misses you.
You are too injured to fight recklessly!
It was a potion of degeneration.
There was something very wrong with that liquid.
You feel weakened.
You feel dopey.
You feel clumsy.
You feel sick. The kobold hits you but does no damage.
The kobold brigand hits you with a +0 whip.
You die...

.................................
........................(....(...
.................................
~~~~~~~~~~~~~~~~~~~~~~~....=)~~~~
≈≈≈≈≈≈≈≈≈≈≈≈≈≈~~≈≈≈~≈~~....).~≈≈≈
#≈≈≈≈≈≈≈≈≈≈≈≈≈≈≈≈≈≈≈≈≈~......~≈≈≈
########################''######
........#KK.....#)...#....
........'@K.....#(...#.[..
........#########....#####
#####..........#.....(#...
#..........'....))'...
#..........#......#...
.......#########....#####
.......+{ { #....#.... ........#
#....#.... ######### ##########


You could see 2 kobold brigands and a kobold.

Vanquished Creatures
  Sigmund (D:2)
  2 kobold brigands (D:3)
  A scorpion (D:4)
  Jessica (D:3)
  An iguana (D:4)
  6 gnolls (D:3)
  An adder (D:2)
  4 worms
  2 dart slugs
  An orc (D:3)
  8 ball pythons
  8 endoplasms
  2 giant cockroaches (D:2)
  2 goblins (D:2)
  4 hobgoblins
  6 jackals
  6 quokkas
  4 bats
  A frilled lizard (D:2)
  22 kobolds
  3 rats
86 creatures vanquished.

Notes
Turn   | Place    | Note
-------+----------+-------------------------------------------
     0 | D:1      | Ivernyr the Formicid Fighter began the quest for the Orb.
     0 | D:1      | Reached XP level 1. HP: 18/18 MP: 1/1
   346 | D:1      | Reached XP level 2. HP: 21/24 MP: 2/2
   920 | D:2      | Identified the +0 quarterstaff of Suustroxt {pain, Str+2
                  | Dex+4}
   952 | D:2      | Reached XP level 3. HP: 29/29 MP: 3/3
  1229 | D:2      | Noticed Sigmund
  1238 | D:2      | Killed Sigmund
  1239 | D:2      | Reached skill level 5 in Shields
  1239 | D:2      | Reached XP level 4. HP: 32/37 MP: 4/4
  1239 | D:2      | Reached XP level 5. HP: 37/42 MP: 5/5
  1239 | D:2      | Reached XP level 6. HP: 42/48 MP: 6/6
  1390 | D:3      | Noticed Jessica
  1399 | D:3      | Killed Jessica
  1418 | D:3      | Found a radiant altar of Vehumet.
  1564 | D:3      | Found a glowing golden altar of the Shining One.
  1748 | D:3      | Upgraded the game from 0.31-a0-1236-gaa9e43cceb to
                  | 0.31-a0-1476-g8a4046af8c
  2048 | D:3      | Reached XP level 7. HP: 24/55 MP: 7/7
  2182 | D:3      | You fall into a shaft and drop 1 floor!
  2182 | D:4      | Found a broken altar of Ashenzari.
  2364 | D:4      | Found a staircase to the Ecumenical Temple.
  2374 | Temple   | Entered the Ecumenical Temple
  2406 | Temple   | Became a worshipper of the Wu Jian Council
  2566 | D:4      | Found Pumnarph's Jewellery Shoppe.
  2654 | D:4      | Reached skill level 5 in Staves
  3087 | D:3      | Slain by a kobold brigand

Illustrated notes

Levels and vault maps discovered:
D:1:      minmay_arrival_solitary_statue, layout_loops_ring
D:2:      layout_loops_cross, minmay_misc_feat_room, uniq_sigmund
D:3:      minmay_goblin_kobold_castle, layout_basic, lemuel_tele_altar,
          tso_metal_star, uniq_jessica
D:4:      layout_gridville, amcnicky_altar_gilded,
          minmay_temple_entry_purple_smoke, serial_shops,
          nicolae_shop_hallway_stairs
Temple:   regret_index_temple_generic_petals

Skill      XL: |  1  2  3  4  5  6  7 |
---------------+----------------------+-----
Fighting       | 4 |  4.9
Staves         | 4 5 |  5.1
Armour         | 4 |  4.9
Shields        | 5 |  5.9

Action                     |  1- 3 |  4- 6 |  7- 9 || total
---------------------------+-------+-------+-------++-------
  Melee: Quarterstaff      |    86 |   133 |    48 ||   267
Ability: Dig               |       |     1 |       ||     1
         Lunge             |       |       |     4 ||     4
         Shaft Self        |       |       |     1 ||     1
    Use: Potion            |       |       |     1 ||     1
 Armour: Scale mail        |    48 |   109 |    53 ||   210
  Dodge: Dodged            |    31 |    94 |    31 ||   156
  Block: Buckler           |    22 |    34 |    16 ||    72

Table legend: (Time is in decaauts)
 A = Elapsed time spent in this place.
 B = Non-inter-level travel time spent in this place.
 C = Inter-level travel time spent in this place.
 D = Time resting spent in this place.
 E = Time spent auto-exploring this place.
 F = Levels seen in this place.
 G = Mean time per level.
                   A        B        C        D        E       F      G
               +--------+--------+--------+--------+--------+-----+--------+
         Total |   3137 |   3035 |    102 |    351 |   1874 |   5 |  627.4 |
       Dungeon |   3090 |   2988 |    102 |    351 |   1874 |   4 |  772.5 |
        Temple |     46 |     46 |      0 |      0 |      0 |   1 |   46.0 |
               +--------+--------+--------+--------+--------+-----+--------+

Top non-repeatable levels by time:
     D:3: 1208 daAuts
     D:2: 716 daAuts
     D:1: 691 daAuts
     D:4: 474 daAuts
  Temple: 46 daAuts
